 Dungeon Crawl Stone Soup version 0.29-a0-251-g80730f7218 (webtiles) character file.

Game seed: 3238052042648524397

1248 frimble the Chiller (level 8, -1/48 (58) HPs)
             Began as a Gnoll Ice Elementalist on Mar 5, 2022.
             Slain by a wight
             ... wielding a +3 long sword
              (5 damage)
             ... on level 5 of the Dungeon.
             The game lasted 00:06:25 (6819 turns).

frimble the Chiller (Gnoll Ice Elementalist)        Turns: 6819, Time: 00:06:26

HP:   -1/48 (58)    AC:  5    Str: 10    XL:     8   Next: 50%
MP:   17/17         EV: 14    Int: 16    God:
Gold: 162           SH:  0    Dex: 13    Spells: 13/19 levels left

rFire   . . .      SeeInvis .   k - +6 hand axe "Globulus" {vorpal, +Blink rCorr Int+2}
rCold   . . .      Faith    .   (no shield)
rNeg    . . .      Spirit   .   a - +0 robe
rPois   .          Reflect  .   h - +1 helmet
rElec   .          Harm     .   (no cloak)
rCorr   +          Rampage  .   (no gloves)
Will    .....                   i - +0 pair of boots
Stlth   +++.......              (no amulet)
HPRegen 0.16/turn               (no ring)
MPRegen 0.15/turn               (no ring)

@: studying Dodging, heavily drained
A: fangs 1, strong nose, distributed training
a: Evoke Blink


You were on level 5 of the Dungeon.
You visited 1 branch of the dungeon, and saw 6 of its levels.

You collected 1282 gold pieces.
You spent 1120 gold pieces at shops.

Inventory:

Hand Weapons
 c - a +0 whip
 d - a +0 vorpal flail
 e - a +2 short sword of venom
 k - the +6 hand axe "Globulus" (weapon) {vorpal, +Blink rCorr Int+2}
   (You found it on level 3 of the Dungeon)

   It inflicts extra damage upon your enemies.
   Int:       It affects your intelligence (+2).
   +Blink:    It lets you blink.
   rCorr:     It protects you from acid and corrosion.
Armour
 a - a +0 robe (worn)
 h - a +1 helmet (worn)
 i - a +0 pair of boots (worn)
Jewellery
 g - an amulet of guardian spirit
Wands
 m - a wand of iceblast (4)
Scrolls
 b - a scroll of summoning
 j - a scroll of teleportation
 o - a scroll of identify
 r - a scroll of vulnerability {unknown}
Potions
 f - 4 potions of flight
 l - a potion of attraction {unknown}
 n - a potion of might
 q - a potion of magic


   Skills:
 + Level 3.3 Fighting
 + Level 3.3 Short Blades
 + Level 3.3 Long Blades
 + Level 3.3 Axes
 + Level 3.3 Maces & Flails
 + Level 3.3 Polearms
 + Level 3.3 Staves
 + Level 3.3 Slings
 + Level 3.3 Bows
 + Level 3.3 Crossbows
 + Level 3.3 Throwing
 + Level 3.3 Armour
 + Level 6.5 Dodging
 + Level 5.4 Stealth
 + Level 3.3 Shields
 + Level 3.3 Unarmed Combat
 + Level 6.1 Spellcasting
 + Level 2.7 Conjurations
 + Level 2.7 Hexes
 + Level 2.7 Summonings
 + Level 2.7 Necromancy
 + Level 2.7 Translocations
 + Level 2.7 Transmutations
 + Level 2.7 Fire Magic
 + Level 7.6 Ice Magic
 + Level 2.7 Air Magic
 + Level 2.7 Earth Magic
 + Level 2.7 Poison Magic
 + Level 3.6 Invocations
 + Level 3.3 Evocations


You had 13 spell levels left.
You knew the following spells:

 Your Spells              Type           Power      Damage    Failure   Level
b - Frozen Ramparts       Ice            58%        1d7       1%          3
c - Ozocubu's Armour      Ice            29%        N/A       1%          3

Your spell library contained the following spells:

 Spells                   Type           Power      Damage    Failure   Level
 Freeze                   Ice            100%       1d11      1%          1
 Shock                    Conj/Air       52%        1d6       4%          1
 Static Discharge         Conj/Air       13%        N/A       7%          2
 Gell's Gravitas          Tloc           13%        N/A       13%         3
 Swiftness                Air            13%        N/A       13%         3
 Teleport Other           Tloc           13%        N/A       13%         3
 Hailstorm                Conj/Ice       21%        3d6       16%         4
 Airstrike                Air            6%         N/A       41%         4
 Dispel Undead            Necr           13%        3d9       41%         4
 Sticky Flame             Conj/Fire      13%        2d4       41%         4
 Ozocubu's Refrigeration  Ice            14%        4d7       99%         7
 Dispersal                Tloc           6%         N/A       100%        6


Dungeon Overview and Level Annotations

Branches:
Dungeon (6/15)             Temple (0/1) D:5

Altars:
Kikubaaqudgha
Uskayaw
Wu Jian
Xom

Shops:
D:3 :


Innate Abilities, Weirdness & Mutations

You have very sharp teeth.
Your uncanny sense of smell can sniff out nearby items.
Your experience applies equally to all skills.


Message History

A sky beast is nearby! 2 wights come into view. 2 wights come into view.
Found a stone staircase leading down.
Found 12 gold pieces.
The wight completely misses you.
You hit the wight.
The wight is heavily damaged.
The wight hits you with a +0 dire flail!
You feel drained. The sky beast hits you. The sky beast shocks you.
The wight hits you with a +3 long sword!
You feel drained.
Found a glowing dagger.
The wight barely misses you.
The sky beast flickers out of sight!
Deactivating autopickup; reactivate with Ctrl-A.
A sky beast appears from thin air!
Reactivating autopickup.
There is a stone staircase leading up here.
The wight closely misses you. x2
You climb upwards.
There is a stone staircase leading down here.
You fail to use your ability.
The wight hits you with a +0 great sword!
You feel drained. The wight closely misses you.
You fail to use your ability.
The wight closely misses you.
The wight hits you with a +3 long sword.
* * * LOW HITPOINT WARNING * * *
You feel drained.
* * * LOW HITPOINT WARNING * * *
It was a potion of magic.
Magic courses through your body. The wight closely misses you.
The wight barely misses you.
It was a potion of curing.
You feel better. The wight barely misses you. x2
Casting: Ozocubu's Armour (safe; 1% risk of failure)
Confirm with . or Enter, or press ? or * to list all spells.
Okay, then.
You fail to use your ability.
The wight closely misses you.
The wight hits you with a +3 long sword!
* * * LOW HITPOINT WARNING * * *
You feel drained.
You die...

#.######## #.###...# #.#
#.####.## ###.#
######......#
#...######.......#'#### ###
#.#...........##.##...#
..###)#####'##.##.....#._.#
#.##)))# #...#.#####)##.§.#
#.##...# #...#.#####.##≈§≈#
..<#...# #...#.z@z....#...#
#.##...# #...########.#._.#
#.##...# #...# #.#...##
#).#...# #...# #.####'#
####...# #...# #......#
.>.#...# #...# ########
##.#...# #...# #.#...#
#...# #.#...# #...#


You could see 2 wights.

Vanquished Creatures
  An ice beast (D:6)
  3 ogres
  A centaur (D:5)
  A phantom (D:6)
  A bullfrog (D:6)
  2 jellies (D:4)
  A howler monkey (D:5)
  A gnoll shaman (D:5)
  A hound (D:5)
  Jessica (D:2)
  6 iguanas
  2 orc wizards
  Robin (D:2)
  5 adders
  6 gnolls
  A shadow imp (D:5)
  A white imp (D:6)
  3 ufetubi
  4 worms
  2 dart slugs
  9 orcs
  3 bats (D:2)
  6 endoplasms
  3 giant cockroaches
  11 goblins
  14 hobgoblins
  15 jackals
  5 kobolds
  2 quokkas
  8 ball pythons
  3 frilled lizards (D:2)
  A rat (D:1)
124 creatures vanquished.

Vanquished Creatures (others)
  3 plants (D:3)
3 creatures vanquished.

Grand Total: 127 creatures vanquished

Notes
Turn   | Place    | Note
-------+----------+-------------------------------------------
     0 | D:1      | frimble the Gnoll Ice Elementalist began the quest for the
                  | Orb.
     0 | D:1      | Reached XP level 1. HP: 13/13 MP: 6/6
   586 | D:1      | Reached XP level 2. HP: 19/19 MP: 7/7
  1118 | D:1      | Reached XP level 3. HP: 23/25 MP: 7/9
  1268 | D:1      | Reached skill level 5 in Spellcasting
  1315 | D:1      | Learned a level 3 spell: Frozen Ramparts
  1319 | D:1      | Learned a level 3 spell: Ozocubu's Armour
  2037 | D:2      | Reached skill level 1 in Fighting
  2037 | D:2      | Reached skill level 1 in Short Blades
  2037 | D:2      | Reached skill level 1 in Long Blades
  2037 | D:2      | Reached skill level 1 in Axes
  2037 | D:2      | Reached skill level 1 in Maces & Flails
  2037 | D:2      | Reached skill level 1 in Polearms
  2037 | D:2      | Reached skill level 1 in Staves
  2037 | D:2      | Reached skill level 1 in Slings
  2037 | D:2      | Reached skill level 1 in Bows
  2037 | D:2      | Reached skill level 1 in Crossbows
  2037 | D:2      | Reached skill level 1 in Throwing
  2037 | D:2      | Reached skill level 1 in Armour
  2037 | D:2      | Reached skill level 1 in Shields
  2037 | D:2      | Reached skill level 1 in Unarmed Combat
  2037 | D:2      | Reached skill level 1 in Invocations
  2037 | D:2      | Reached skill level 1 in Evocations
  2037 | D:2      | Reached XP level 4. HP: 31/32 MP: 11/11
  2288 | D:2      | Noticed Jessica
  2295 | D:2      | Killed Jessica
  2296 | D:2      | Reached skill level 1 in Conjurations
  2296 | D:2      | Reached skill level 1 in Hexes
  2296 | D:2      | Reached skill level 1 in Summonings
  2296 | D:2      | Reached skill level 1 in Necromancy
  2296 | D:2      | Reached skill level 1 in Translocations
  2296 | D:2      | Reached skill level 1 in Transmutations
  2296 | D:2      | Reached skill level 1 in Fire Magic
  2296 | D:2      | Reached skill level 1 in Air Magic
  2296 | D:2      | Reached skill level 1 in Earth Magic
  2296 | D:2      | Reached skill level 1 in Poison Magic
  2422 | D:2      | Reached XP level 5. HP: 29/37 MP: 12/12
  2426 | D:2      | Noticed Robin
  2431 | D:2      | Killed Robin
  3202 | D:3      | Found Araegun's Book Shop.
  3388 | D:3      | Identified the +6 hand axe "Globulus" {vorpal, +Blink rCorr
                  | Int+2}
  3442 | D:3      | Identified a scroll of acquirement
  3442 | D:3      | Acquired 1054 gold pieces
  3490 | D:3      | Bought a manual of Dodging for 1120 gold pieces
  3533 | D:3      | Found a shimmering altar of Xom.
  3533 | D:3      | Found an ornate altar of the Wu Jian Council.
  3811 | D:4      | Reached XP level 6. HP: 39/44 MP: 9/13
  3835 | D:4      | Reached skill level 5 in Dodging
  4447 | D:4      | Reached XP level 7. HP: 48/50 MP: 15/15
  4786 | D:5      | Entered Level 5 of the Dungeon
  5084 | D:5      | Reached skill level 5 in Stealth
  5724 | D:5      | Found an ancient bone altar of Kikubaaqudgha.
  5725 | D:5      | Found a hide-covered altar of Uskayaw.
  5808 | D:5      | Reached XP level 8. HP: 38/57 MP: 7/16
  5990 | D:5      | Found a staircase to the Ecumenical Temple.
  6819 | D:5      | Slain by a wight

Illustrated notes

Levels and vault maps discovered:
D:1:      tarquinn_simple_flora_water_e, layout_basic
D:2:      layout_rooms, uniq_robin, uniq_jessica
D:3:      layout_loops_ring, gammafunk_temple_overflow_statue, serial_shops,
          nicolae_shop_crystal, serial_forest, infiniplex_forest_clump_tiny,
          infiniplex_forest_lined_3_way, infiniplex_forest_corner_1,
          infiniplex_forest_clump_double, infiniplex_forest_lined_corner,
          infiniplex_forest_clump_tiny, infiniplex_forest_lined_corner,
          infiniplex_forest_lined_3
D:4:      layout_gridville
D:5:      layout_loops_cross, mainiacjoe_overflow_divided_tiny,
          minmay_temple_entry_nine_rooms, kennysheep_cross_room, nrook_uturn
D:6:      layout_rooms

Skill      XL: |  1  2  3  4  5  6  7  8 |
---------------+-------------------------+-----
Spellcasting   | 5 6 |  6.1
Fighting       | 1 2 3 |  3.3
Short Blades   | 1 2 3 |  3.3
Long Blades    | 1 2 3 |  3.3
Axes           | 1 2 3 |  3.3
Maces & Flails | 1 2 3 |  3.3
Polearms       | 1 2 3 |  3.3
Staves         | 1 2 3 |  3.3
Slings         | 1 2 3 |  3.3
Bows           | 1 2 3 |  3.3
Crossbows      | 1 2 3 |  3.3
Throwing       | 1 2 3 |  3.3
Armour         | 1 2 3 |  3.3
Shields        | 1 2 3 |  3.3
Unarmed Combat | 1 2 3 |  3.3
Invocations    | 1 2 3 |  3.6
Evocations     | 1 2 3 |  3.3
Conjurations   | 1 2 |  2.7
Hexes          | 1 2 |  2.7
Summonings     | 1 2 |  2.7
Necromancy     | 1 2 |  2.7
Translocations | 1 2 |  2.7
Transmutations | 1 2 |  2.7
Fire Magic     | 1 2 |  2.7
Air Magic      | 1 2 |  2.7
Earth Magic    | 1 2 |  2.7
Poison Magic   | 1 2 |  2.7
Dodging        | 5 6 |  6.5
Stealth        | 5 |  5.4
Ice Magic      | |  7.6

Action                   |  1- 3 |  4- 6 |  7- 9 || total
-------------------------+-------+-------+-------++-------
Melee: Unarmed           |    27 |       |       ||    27
       Bite              |     4 |    12 |    16 ||    32
       Whip              |     1 |       |       ||     1
       Flail             |     6 |       |       ||     6
       Short sword       |    21 |    80 |       ||   101
       Punch             |       |     1 |       ||     1
       Hand axe          |       |    38 |   113 ||   151
 Cast: Freeze            |    12 |       |       ||    12
       Frozen Ramparts   |       |     8 |     2 ||    10
       Ozocubu's Armour  |       |     2 |     3 ||     5
  Use: Scroll            |       |    11 |     4 ||    15
       Potion            |       |       |     2 ||     2
 Stab: Sleeping          |     6 |     9 |     4 ||    19
Armor: Robe              |    17 |    32 |    29 ||    78
Dodge: Dodged            |    47 |    84 |   111 ||   242

Table legend: (Time is in decaauts)
 A = Elapsed time spent in this place.
 B = Non-inter-level travel time spent in this place.
 C = Inter-level travel time spent in this place.
 D = Time resting spent in this place.
 E = Time spent auto-exploring this place.
 F = Levels seen in this place.
 G = Mean time per level.
                   A        B        C        D        E       F      G
               +--------+--------+--------+--------+--------+-----+--------+
         Total |   6857 |   6597 |    260 |    136 |   5440 |   6 | 1142.8 |
       Dungeon |   6857 |   6597 |    260 |    136 |   5440 |   6 | 1142.8 |
               +--------+--------+--------+--------+--------+-----+--------+

Top non-repeatable levels by time:
     D:1: 2018 daAuts
     D:5: 1457 daAuts
     D:4: 1021 daAuts
     D:2: 895 daAuts
     D:3: 873 daAuts
     D:6: 590 daAuts
